 Dungeon Sprint DCSS version 0.30-a0-51-g784eafce7f (webtiles) character file.

Game seed: 5235318810134625930

2608 Ankalagon the Black Belt (level 9, 0/90 HPs)
             Began as a Yellow Draconian Monk on Sept 5, 2022.
             Was an Initiate of Gozag.
             Slain by a deep troll (12 damage)
             ... in the Dungeon (Sprint II: "The Violet Keep of Menkaure").
             The game lasted 00:06:05 (1303 turns).

Ankalagon the Black Belt (Yellow Draconian Monk)    Turns: 1303, Time: 00:06:05

Health: 0/90       AC:  9    Str: 15      XL:     9   Next: 33%
Magic:  0/9        EV: 16    Int:  9 (11) God:    Gozag
Gold:   508        SH:  0    Dex: 13 (16) Spells: 8/8 levels left

rFire   + . .      SeeInvis .      - Unarmed
rCold   . . .      Faith    .    (no shield)
rNeg    + . .      Spirit   +    (body armour unavailable)
rPois   .          Reflect  .    (helmet restricted)
rElec   .          Harm     .    f - +0 cloak
rCorr   +          Rampage  .    h - +0 pair of gloves
Will    .....      NoTele   +    (no boots)
Stlth   +......... NoCast   +    d - amulet "Zuen" {Spirit -Cast rF+ Str+2}
HPRegen 0.25/turn                s - ring of positive energy
MPRegen 0.11/turn                (no ring)

@: very slow
A: spit acid, AC +7, unfitting armour, cold-blooded, acid resistance, clumsy 1,
deterioration 1, screaming 1
a: Breathe Acid, Renounce Religion, Potion Petition, Call Merchant, Bribe Branch


You were in the Dungeon.
You worshipped Gozag.
Gozag was pleased with you.
You visited 1 branch You collected 1154 gold pieces.
You spent 646 gold pieces at shops.

Inventory:

Hand Weapons
 a - a +0 arbalest
Armour
 f - a +0 cloak (worn)
 h - a +0 pair of gloves (worn)
Jewellery
 d - the amulet "Zuen" (around neck) {Spirit -Cast rF+ Str+2}
   (You bought it in a shop in the Dungeon)

   [amulet of guardian spirit]

   It causes incoming damage to be divided between your reserves of health and
   magic.
   Str:       It affects your strength (+2).
   rF:        It protects you from fire.
   -Cast:     It prevents spellcasting.
 s - a ring of positive energy (left hand)
Scrolls
 b - 6 scrolls of identify {unknown}
 g - a scroll of blinking
 o - 2 scrolls of amnesia {unknown}
 p - a scroll of enchant armour {unknown}
 q - a scroll of fear {unknown}
 r - a scroll of torment {unknown}
Potions
 c - 2 potions of curing
 e - 6 potions of magic
 i - 2 potions of might {unknown}
 j - 2 potions of heal wounds
 k - 4 potions of flight {unknown}
 l - 4 potions of resistance {unknown}
 m - a potion of brilliance {unknown}
 n - 2 potions of lignification {unknown}


   Skills:
 + Level 11.9 Fighting
 + Level 2.5 Ranged Weapons
 + Level 10.1 Dodging
 - Level 1.7 Stealth
 - Level 15.6 Unarmed Combat


You had 8 spell levels left.
You didn't know any spells.
Your spell library contained the following spells:

 Spells                   Type           Power      Damage    Failure   Level
 Summon Small Mammal      Summ           0%         N/A       38%         1
 Call Canine Familiar     Summ           0%         N/A       77%         3
 Dazzling Flash           Conj/Hex       0%         N/A       77%         3
 Summon Guardian Golem    Hex/Summ       0%         N/A       77%         3
 Agony                    Necr           0%         N/A       100%        5
 Silence                  Hex/Air        0%         N/A       100%        5


Dungeon Overview and Level Annotations

Branches:
Dungeon (1/1)

Altars:
Cheibriados
Dithmenos
Elyvilon
Fedhas
Gozag
Hepliaklqana
Kikubaaqudgha
Makhleb
Nemelex Xobeh
Okawaru
Qazlal
Ru
Sif Muna
Trog
Uskayaw
Vehumet
Wu Jian
Xom
Yredelemnul
Zin
The Shining One
Jiyva
Lugonu

Shops:
D :![=![(=!?=([:[

Annotations:
D exclusions: obsidian statue and oklob plant


Innate Abilities, Weirdness & Mutations

You can spit globs of acid.
Your golden yellow scales are hard. (AC +7)
You cannot fit into any form of body armour.
You are cold-blooded and may be slowed by cold attacks.
You are resistant to acid. (rCorr)
You are clumsy. (Dex -2)
Your body sometimes deteriorates upon taking damage.
You occasionally shout uncontrollably at your foes.


Message History

Moving in this stuff is going to be slow.
The deep troll misses you. The deep troll claws you. The deep troll misses you.
Tentacles burst out of the water! 2 tentacles come into view.
The deep troll attacks as you move away!
The deep troll bites you but does no damage.
The deep troll claws you but does no damage.
The deep troll completely misses you.
The deep troll attacks as you move away!
The deep troll bites you but does no damage.
The deep troll claws you but does no damage.
The deep troll claws you!
* * * LOW HITPOINT WARNING * * *
Your body deteriorates!
You feel clumsy. The deep troll bites you!
* * * LOW HITPOINT WARNING * * *
Your body deteriorates!
You feel dopey. The deep troll misses you. The deep troll claws you!
* * * LOW HITPOINT WARNING * * *
The deep troll closely misses you. x2; The deep troll barely misses you.
Okay, then.
Press: ? - help, v - describe, . - travel
Here: a deep troll Some shallow water.
Unknown command.
You feel much better. The deep troll completely misses you.
The deep troll claws you!
* * * LOW HITPOINT WARNING * * *
The deep troll claws you.
* * * LOW HITPOINT WARNING * * *
The deep troll bites you.
* * * LOW HITPOINT WARNING * * *
The deep troll barely misses you. The deep troll claws you.
* * * LOW HITPOINT WARNING * * *
The deep troll attacks as you move away!
The deep troll bites you.
* * * LOW HITPOINT WARNING * * *
The deep troll misses you. The deep troll claws you!
You die...
Your body crumbles into a pile of gold.

## $ #. #))▓)(...[.[▓▓ $
.##.####$ +.####°|▓.)......▓▓
#..# ...#$ ...####▓)......[▓▓ ..#
#..## #..##.#▓..(..[..▓▓ $ †##
.##..# $+^^#..#▓........▓▓
.##B°.#..# $#..#..#▓....[.))▓▓
<.+# +..####..##.#▓.[)..)..▓▓ $
.##.B.#....###§..##▓▓▓▓▓▓▓'▓▓▓▓+▓
'## .##......~~~@T~T~~~~§§...X≈≈▓
..####~~.....~#'########'###.≈≈≈▓
#..#~~~~~~~..~#.._._._.#~~~##≈≈≈▓
####~~~~§~~~.~#._._._..#§~≈§####▓
'##~~~§≈§§§§§~#_._._._.#§~§§≈##$$
~†~~~~~§≈≈§~~~#._._._._#~§§≈§§#$.
#+++#~≈≈≈≈≈§≈~#.._._._.#~§§~§§§$$
... ##≈§≈###≈§#..._._._#~~§§≈§#$.
.....##≈≈# #≈≈#...._._.#§§≈≈≈§▓$$


You could see 2 deep trolls.

Vanquished Creatures
  A yaktaur (D)
  3 polar bears (D)
  A hornet (D)
  2 wyverns (D)
  A vampire mosquito (D)
  4 neqoxecs (D)
  5 water moccasins (D)
  4 necrophages (D)
21 creatures vanquished.

Vanquished Creatures (others)
  Menkaure (D)
  32 tentacles (D)
33 creatures vanquished.

Grand Total: 54 creatures vanquished

Notes
Turn   | Place    | Note
-------+----------+-------------------------------------------
     0 | D        | Ankalagon the Draconian Monk began the quest for the Orb.
     0 | D        | Reached XP level 1. HP: 19/19 MP: 1/1
     1 | D        | Noticed a boulder beetle
     1 | D        | Noticed a boulder beetle
     4 | D        | Noticed a necrophage
     4 | D        | Noticed a necrophage
     4 | D        | Noticed a necrophage
     4 | D        | Noticed a necrophage
    11 | D        | Killed a necrophage
    12 | D        | Reached skill level 8 in Unarmed Combat
    12 | D        | Reached XP level 2. HP: 26/26 MP: 2/2
    12 | D        | Reached XP level 3. HP: 31/31 MP: 3/3
    16 | D        | Killed a necrophage
    17 | D        | Reached skill level 10 in Unarmed Combat
    17 | D        | Reached XP level 4. HP: 38/38 MP: 4/4
    20 | D        | Killed a necrophage
    21 | D        | Reached skill level 11 in Unarmed Combat
    21 | D        | Reached XP level 5. HP: 45/45 MP: 5/5
    25 | D        | Reached skill level 12 in Unarmed Combat
    42 | D        | Killed Menkaure
    65 | D        | Noticed a wyvern
    65 | D        | Noticed a wyvern
    68 | D        | Noticed a neqoxec
    68 | D        | Noticed a neqoxec
    68 | D        | Noticed a neqoxec
    68 | D        | Noticed a neqoxec
    68 | D        | Gained mutation: Your body sometimes deteriorates upon
                  | taking damage. [a neqoxec]
    69 | D        | Gained mutation: You occasionally shout uncontrollably at
                  | your foes. [a neqoxec]
    72 | D        | Killed a neqoxec
    73 | D        | Reached skill level 5 in Fighting
    73 | D        | Reached XP level 6. HP: 56/56 MP: 6/6
    74 | D        | Gained mutation: You are clumsy. (Dex -2) [a neqoxec]
    80 | D        | Killed a neqoxec
    81 | D        | Reached skill level 5 in Dodging
    81 | D        | Reached skill level 13 in Unarmed Combat
    86 | D        | Killed a neqoxec
    87 | D        | Your scales start taking on a golden yellow colour.
    87 | D        | Reached XP level 7. HP: 49/66 MP: 7/7
    87 | D        | Gained mutation: You are resistant to acid. (rCorr) [Yellow
                  | Draconian growth]
    88 | D        | Killed a neqoxec
   128 | D        | Killed a wyvern
   129 | D        | Reached skill level 14 in Unarmed Combat
   134 | D        | Killed a wyvern
   135 | D        | Reached XP level 8. HP: 63/77 MP: 8/8
   211 | D        | Noticed an obsidian statue
   218 | D        | Found Ubufadae's Antique Armour Emporium.
   219 | D        | Found Howet's Antique Armour Emporium.
   219 | D        | Found Bukaps's Antique Weapon Shoppe.
   220 | D        | Found Nevotath's Magic Scroll Emporium.
   220 | D        | Found Rigekk's Distillery.
   220 | D        | Found Kifuen's Book Shoppe.
   220 | D        | Found Moufaumu's Jewellery Emporium.
   221 | D        | Found Giutip's Antique Armour Emporium.
   221 | D        | Found Piasipp's Distillery.
   221 | D        | Found Qoemuck's Jewellery Emporium.
   221 | D        | Found Sakky's Jewellery Shoppe.
   222 | D        | Found Resapu's Antique Weapon Shoppe.
   231 | D        | Found Juoxkoes's Antique Armour Shoppe.
   231 | D        | Found Peuwn's Distillery.
   231 | D        | Noticed an oklob plant
   232 | D        | Found Xuybug's Book Shoppe.
   235 | D        | Noticed a shining eye
   235 | D        | Noticed a shining eye
   236 | D        | Noticed a shining eye
   245 | D        | Bought the amulet "Zuen" {Spirit -Cast rF+ Str+2} for 453
                  | gold pieces
   259 | D        | Bought a cloak for 81 gold pieces
   266 | D        | Bought a pair of gloves for 112 gold pieces
   318 | D        | Found a hazy altar of Hepliaklqana.
   318 | D        | Found a snail-covered altar of Cheibriados.
   319 | D        | Found a stormy altar of Qazlal.
   319 | D        | Found a viscous altar of Jiyva.
   319 | D        | Found a shadowy altar of Dithmenos.
   320 | D        | Found a sacrificial altar of Ru.
   320 | D        | Found an ancient bone altar of Kikubaaqudgha.
   320 | D        | Found a white marble altar of Elyvilon.
   321 | D        | Found an ornate altar of the Wu Jian Council.
   321 | D        | Found a shimmering blue altar of Sif Muna.
   321 | D        | Found a corrupted altar of Lugonu.
   321 | D        | Found a blossoming altar of Fedhas.
   322 | D        | Found a shimmering altar of Xom.
   322 | D        | Found a bloodstained altar of Trog.
   322 | D        | Found a burning altar of Makhleb.
   323 | D        | Found a glowing golden altar of the Shining One.
   323 | D        | Found a basalt altar of Yredelemnul.
   323 | D        | Found a hide-covered altar of Uskayaw.
   324 | D        | Found a glowing silver altar of Zin.
   325 | D        | Noticed a yaktaur
   325 | D        | Noticed a hornet
   325 | D        | Noticed a polar bear
   325 | D        | Noticed a polar bear
   327 | D        | Noticed a polar bear
   336 | D        | Killed a polar bear
   337 | D        | Reached skill level 10 in Fighting
   339 | D        | Paralysed by a hornet for 1 turns
   343 | D        | Killed a hornet
   344 | D        | Reached skill level 15 in Unarmed Combat
   356 | D        | Killed a polar bear
   360 | D        | Killed a polar bear
   361 | D        | Reached XP level 9. HP: 22/89 MP: 2/9
   367 | D        | Killed a yaktaur
   658 | D        | Found a radiant altar of Vehumet.
   660 | D        | Found a sparkling altar of Nemelex Xobeh.
   661 | D        | Found an opulent altar of Gozag.
   661 | D        | Found an iron altar of Okawaru.
   669 | D        | Became a worshipper of Gozag Ym Sagoz the Greedy
   685 | D        | Noticed a kraken
   698 | D        | Reached skill level 1 in Ranged Weapons
   823 | D        | Reached skill level 10 in Dodging
  1283 | D        | Noticed a deep troll
  1284 | D        | Noticed a deep troll
  1297 | D        | HP: 3/90 [deep troll (10)]
  1303 | D        | Slain by a deep troll

Illustrated notes

Levels and vault maps discovered:
D:        the_violet_keep_of_menkaure [sprint2_stairs_cluster_1,
          sprint2_shoproom, sprint2_temple, sprint2_basic_supplies,
          sprint2_obstacle_3, sprint2_obstacle_6, sprint2_obstacle_1,
          sprint2_obstacle_7, sprint2_obstacle_4, sprint2_timed_cluster_1,
          sprint2_smallroom_cluster_1, sprint2_smallroom_final_cluster_1,
          sprint2_transparent_cluster_1, sprint2_second_timed_cluster_1,
          sprint2_sniper_area_1, sprint2_heavy_combat_area_1,
          sprint2_mutation_trap_area_1, sprint2_forest_area_1,
          sprint2_light_combat_area_1, sprint2_behind_water_1,
          sprint2_near_end_vault_1]

Skill      XL: |  1  2  3  4  5  6  7  8  9 |
---------------+----------------------------+-----
Unarmed Combat | 8 10 11 12 13 14 15 | 15.6
Fighting       | 5 7 8 11 | 11.9
Dodging        | 4 5 7 9 10 | 10.1
Ranged Weapons | 2 |  2.5
Stealth        | |  1.7

Action                   |  1- 3 |  4- 6 |  7- 9 || total
-------------------------+-------+-------+-------++-------
Melee: Unarmed           |     8 |    23 |    69 ||   100
       Tailslap          |     1 |     5 |    11 ||    17
       Punch             |       |     2 |    10 ||    12
 Fire: Arbalest          |       |       |     9 ||     9
 Abil: Breathe Acid      |       |       |     6 ||     6
  Use: Potion            |     1 |     1 |     4 ||     6
Armor: Skin              |     2 |     2 |    33 ||    37
Dodge: Dodged            |     2 |     1 |    97 ||   100

Table legend: (Time is in decaauts)
 A = Elapsed time spent in this place.
 B = Non-inter-level travel time spent in this place.
 C = Inter-level travel time spent in this place.
 D = Time resting spent in this place.
 E = Time spent auto-exploring this place.
 F = Levels seen in this place.
 G = Mean time per level.
                   A        B        C        D        E       F      G
               +--------+--------+--------+--------+--------+-----+--------+
         Total |   1327 |   1327 |      0 |    777 |      0 |   1 | 1327.0 |
       Dungeon |   1327 |   1327 |      0 |    777 |      0 |   1 | 1327.0 |
               +--------+--------+--------+--------+--------+-----+--------+

Top non-repeatable levels by time:
       D: 1327 daAuts
